 Dungeon Crawl Stone Soup version 0.31-a0-7-g51783674b7 (webtiles) character file.

Game seed: 8004665675220718773

59816 Lobster4 the Frost Mage (level 14, -1/108 HPs)
             Began as a Merfolk Ice Elementalist on May 5, 2023.
             Was a High Priest of the Shining One.
             Constricted to death by Jorgrun (7 damage)
             ... while petrified by Jorgrun
             ... on level 2 of the Orcish Mines.
             The game lasted 01:27:05 (26822 turns).

Lobster4 the Frost Mage (Merfolk Ice Elementalist) Turns: 26822, Time: 01:27:05

Health: -1/108     AC: 13    Str: 20    XL:     14   Next: 96%
Magic:  35/35      EV: -1    Int: 25    God:    the Shining One [*****.]
Gold:   1510       SH:  0    Dex: 26    Spells: 11/29 levels left

rFire   . . .        K - +2 trident (freeze)
rCold   x . .        N - +0 buckler
rNeg    + + +        P - +0 robe "Jimexal" {rPois rC- MP+9 Dex+3}
rPois   ∞            r - +0 helmet
rElec   .            m - +2 cloak {rCorr}
rCorr   +            f - +2 pair of gloves
SInv    +            I - +2 pair of boots "Wutiqul" {Harm Dex+3 Slay+3}
Will    +....        v - amulet of Dojil {Reflect +Blink Str+4 Int+3 SH+5}
Stlth   +            L - ring "Nyacurol" {Str+4 Int+6 SInv}
HPRegen 0.38/turn    p - +6 ring of dexterity
MPRegen 0.24/turn

%: harm (+30% outgoing, +20% incoming), reflection
@: petrified, grasped by roots, glowing, constricted
A: (nimble swimmer 2), mertail
a: Renounce Religion, Evoke Blink, Divine Shield, Cleansing Flame, Summon Divine
Warrior


You were on level 2 of the Orcish Mines.
You worshipped the Shining One.
The Shining One was extremely pleased with you.
You visited 4 branches of the dungeon, and saw 20 of its levels.

You collected 2007 gold pieces.
You spent 497 gold pieces at shops.

Inventory:

Hand Weapons
 a - a +2 dagger of venom
 b - a +0 sling
 K - a +2 trident of freezing (weapon)
 U - a +3 trident of venom
Missiles
 u - 33 poisoned darts (quivered)
 E - 12 boomerangs
 F - 5 throwing nets
 J - 7 silver boomerangs
 W - 5 boomerangs of dispersal
Armour
 f - a +2 pair of gloves (worn)
 m - a +2 cloak of preservation (worn)
 o - a +3 leather armour of cold resistance
 r - a +0 helmet (worn)
 I - the +2 pair of boots "Wutiqul" (worn) {Harm Dex+3 Slay+3}
   (You found it on level 5 of the Dungeon)

   Dex:       It affects your dexterity (+3).
   Slay:      It affects your accuracy & damage with ranged weapons and melee
   (+3).
   Harm:      It increases damage dealt and taken.
 N - a +0 buckler (worn)
 P - the +0 robe "Jimexal" (worn) {rPois rC- MP+9 Dex+3}
   (You found it on level 6 of the Dungeon)

   Dex:       It affects your dexterity (+3).
   rC:        It makes you vulnerable to cold.
   rPois:     It protects you from poison.
   MP:        It affects your magic capacity (+9).
 X - a +2 robe of fire resistance
 Y - the sphere of Battle
   (You found it on level 10 of the Dungeon)

   It enhances your destructive magic.
   It weakens your non-destructive magic.
   It summons a battlesphere in combat, with strength depending on Conjurations
   skill.
Jewellery
 k - a ring of magical power
 p - a +6 ring of dexterity (right hand)
 s - a ring of fire
 v - the amulet of Dojil (around neck) {Reflect +Blink Str+4 Int+3 SH+5}
   (You found it on level 5 of the Lair of Beasts)

   [amulet of reflection]

   It reflects blocked missile attacks.
   Str:       It affects your strength (+4).
   Int:       It affects your intelligence (+3).
   +Blink:    It lets you blink.
   SH:        It affects your SH (+5).
 L - the ring "Nyacurol" (left hand) {Str+4 Int+6 SInv}
   (You acquired it on level 1 of the Dungeon)

   [ring of intelligence]

   Str:       It affects your strength (+4).
   Int:       It affects your intelligence (+6).
   SInv:      It lets you see invisible.
 S - a ring of protection from cold
Wands
 c - a wand of mindburst (4)
 i - a wand of quicksilver (20)
 A - a wand of iceblast (3)
 C - a wand of flame (26)
 V - a wand of digging (3)
 Z - a wand of paralysis (11)
Scrolls
 d - a scroll of blinking
 e - 6 scrolls of magic mapping
 j - a scroll of fear
 n - 6 scrolls of fog
 q - 10 scrolls of teleportation
 B - a scroll of immolation
 H - a scroll of silence
 M - 3 scrolls of identify
 R - 2 scrolls of poison
Potions
 g - a potion of might
 h - 2 potions of resistance
 l - a potion of ambrosia
 t - 5 potions of heal wounds
 w - 8 potions of curing
 x - 2 potions of lignification
 y - 3 potions of magic
 z - 2 potions of berserk rage
 D - 2 potions of brilliance
 G - 3 potions of flight
 O - 5 potions of mutation
 Q - a potion of haste
 T - a potion of cancellation


   Skills:
 + Level 9.6 Fighting
 - Level 2.0 Short Blades
 + Level 10.5 Polearms
 - Level 3.0 Throwing
 - Level 6.0 Armour
 + Level 11.5 Dodging
 - Level 2.1 Stealth
 - Level 6.0 Shields
 + Level 8.3 Spellcasting
 + Level 6.8 Hexes
 - Level 5.0 Summonings
 * Level 14.1 Ice Magic
 + Level 5.1 Poison Magic
 + Level 5.3 Invocations
 - Level 3.0 Evocations


You had 11 spell levels left.
You knew the following spells:

 Your Spells              Type           Power      Damage    Failure   Level
a - Freeze                Ice            100%       1d10      1%          1
b - Frozen Ramparts       Ice            100%       1d16      1%          3
c - Summon Ice Beast      Ice/Summ       55%        N/A       1%          4
d - Ozocubu's Armour      Ice            69%        N/A       1%          3
e - Tukima's Dance        Hex            44%        N/A       1%          3
f - Olgreb's Toxic Radia  Pois           36%        N/A       9%          4

Your spell library contained the following spells:

 Spells                   Type           Power      Damage    Failure   Level
 Summon Small Mammal      Summ           100%       N/A       1%          1
 Ensorcelled Hibernation  Hex/Ice        100%       N/A       1%          2
 Summon Guardian Golem    Hex/Summ       40%        N/A       1%          3
 Call Canine Familiar     Summ           35%        N/A       2%          3
 Metabolic Englaciation   Hex/Ice        29%        N/A       2%          5
 Portal Projectile        Hex/Tloc       54%        N/A       4%          3
 Shock                    Conj/Air       40%        1d5       7%          1
 Passwall                 Tmut/Erth      8%         N/A       11%         2
 Leda's Liquefaction      Hex/Erth       13%        N/A       17%         4
 Ozocubu's Refrigeration  Ice            34%        4d15      17%         7
 Swiftness                Air            10%        N/A       21%         3
 Animate Armour           Summ/Erth      44%        N/A       24%         4
 Airstrike                Air            5%         2d(1-17)  56%         4
 Petrify                  Tmut/Erth      10%        N/A       56%         4
 Blade Hands              Tmut           5%         N/A       88%         5
 Iron Shot                Conj/Erth      5%         9d2       100%        6
 Statue Form              Tmut/Erth      6%         N/A       100%        6
 Discord                  Hex            22%        N/A       100%        8
 Ignition                 Fire           5%         3d4       100%        8


Dungeon Overview and Level Annotations

Branches:
Dungeon (12/15)            Temple (1/1) D:4            Lair (5/5) D:9
 Shoals (0/4) Lair:2        Snake (0/4) Lair:3        Slime (0/5) Lair:4
    Orc (2/2) D:12
    Elf: Orc:2

Altars:
Ashenzari
Cheibriados
Dithmenos
Elyvilon
Fedhas
Gozag
Hepliaklqana
Kikubaaqudgha
Makhleb
Nemelex Xobeh
Okawaru
Qazlal
Ru
Sif Muna
Trog
Uskayaw
Vehumet
Wu Jian
Xom
Yredelemnul
Zin
The Shining One
Jiyva

Shops:
D:1 !(?   D:7 [

Annotations:
D:12 2 runed translucent doors, juan097's ghost, journeyman DjVM
Orc:2 Jorgrun


Innate Abilities, Weirdness & Mutations

((You are very nimble when in or above water. (Stealth+, EV+, Speed+++)))
Your lower body shifts to a powerful aquatic tail in water.


Message History

You kill the orc warrior!
There is a stone staircase leading up here.
Found 23 gold pieces.
Things that are here:
a +0 scimitar; a +0 plate armour; an orc corpse An orc warrior comes into view.
It is wielding a +0 glaive.
Jorgrun shouts!
Jorgrun points at you and mumbles some strange words.
Roots burst forth from the earth!
The grasping roots grab you! The grasping roots constrict you!
You escape the roots grasp.
Jorgrun gestures at you while chanting.
You are slowing down.
Jorgrun casts a spell at you.
You shatter!!
The orc priest calls down the wrath of Beogh upon you.
Beogh smites you!
You hear a shout! x5
Your limbs are stiffening.
There is a stone staircase leading up here.
You have turned to stone.
You stop ascending the stairs.
Jorgrun casts a spell at you.
You shatter!!
The orc warrior hits you from afar with a +0 glaive!
You hear a shout! x4
Jorgrun casts a spell at you.
You shatter!!
* * * LOW HITPOINT WARNING * * *
The orc warrior hits you from afar with a +0 glaive!
* * * LOW HITPOINT WARNING * * *
You hear a shout! x2
Jorgrun gestures at you while chanting.
Roots burst forth from the earth!
The grasping roots grab you! The grasping roots constrict you!
* * * LOW HITPOINT WARNING * * *
The orc warrior hits you but does no damage.
The grasping roots constrict you!
You die...

...#....#..#...
............#....
..................
. ..............$..
..##.........#.....
...$...............
.......g...........
...................
.......@.o........P
........o........P.
...................
#$............$..P.
.#..............P..
#..................
...................
....#....#........P
....#........P.


You could see Jorgrun, an orc warrior and an orc priest.

Vanquished Creatures
  An ettin (Orc:1)
  Josephine (D:12)
  A fire dragon (Lair:5)
  An ogre mage (D:11)
  5 hydras
  A catoblepas (Lair:5)
  Erica (D:9)
  2 boulder beetles
  4 two-headed ogres
  2 skysharks (Lair:4)
  An orc knight (D:12)
  2 lindwurms (Lair:5)
  A deep elf pyromancer (D:11)
  2 orc sorcerers (D:12)
  An ugly thing (D:11)
  A wolf spider (Lair:5)
  A manticore (D:10)
  14 black mambas
  5 torpor snails (Lair:5)
  A guardian serpent (Lair:5)
  15 cane toads
  An efreet (D:12)
  2 rime drakes (Lair:5)
  2 kobold demonologists (D:12)
  2 tengu conjurers (D:10)
  6 komodo dragons
  2 trolls
  4 polar bears
  9 hornets
  3 tyrant leeches (Lair:5)
  4 blink frogs (Lair:3)
  4 dream sheep (Lair:5)
  A spriggan (shapeshifter) (D:11)
  A shadow (D:11)
  9 wraiths
  23 wyverns
  Grum (D:9)
  2 basilisks (Lair:5)
  4 vampires
  40 yaks
  3 steam dragons
  3 redbacks (Lair:5)
  6 vampire mosquitoes (Lair:3)
  A warg (D:12)
  27 water moccasins
  A swamp drake (Lair:3)
  2 ice beasts
  10 orc warriors
  A black bear (D:5)
  A sky beast (D:7)
  4 ogres
  13 wolves
  6 centaurs
  5 bullfrogs
  4 kobold brigands
  2 gnoll sergeants
  4 scorpions
  14 wights
  9 killer bees
  4 howler monkeys
  7 electric eels
  10 orc priests
  6 jellies
  4 hounds
  2 gnoll boudas
  3 iguanas
  A sleepcap (D:6)
  Crazy Yiuf (D:2)
  12 hell rats
  18 orc wizards
  Robin (D:2)
  9 adders
  53 gnolls
  2 shadow imps
  2 worms (D:4)
  62 orcs
  7 ball pythons
  4 endoplasms
  7 giant cockroaches
  18 goblins
  10 hobgoblins
  19 jackals
  7 quokkas
  4 bats
  2 frilled lizards (D:1)
  20 kobolds
  5 rats
599 creatures vanquished.

Vanquished Creatures (collateral kills)
  Rupert (D:12)
  A rime drake (Lair:3)
  A water moccasin (Lair:3)
3 creatures vanquished.

Vanquished Creatures (others)
  A gnoll (D:7)
  2 orcs (Orc:1)
  56 fungi
  235 plants
294 creatures vanquished.

Grand Total: 896 creatures vanquished

Notes
Turn   | Place    | Note
-------+----------+-------------------------------------------
     0 | D:1      | Lobster4 the Merfolk Ice Elementalist began the quest for
                  | the Orb.
     0 | D:1      | Reached XP level 1. HP: 13/13 MP: 3/3
   111 | D:1      | Reached XP level 2. HP: 20/20 MP: 0/5
   342 | D:1      | Found a faded altar of an unknown god.
   428 | D:1      | Found Atudia's Weapon Emporium.
   441 | D:1      | Found Plog's Distillery.
   518 | D:1      | Bought a potion of curing for 39 gold pieces
   565 | D:1      | Reached XP level 3. HP: 25/25 MP: 6/6
   667 | D:1      | Reached skill level 1 in Short Blades
   681 | D:1      | Found Ugyn's Magic Scroll Emporium.
   872 | D:2      | Reached skill level 1 in Polearms
   971 | D:2      | Reached skill level 1 in Fighting
  1092 | D:2      | Noticed Robin
  1115 | D:2      | Reached XP level 4. HP: 21/32 MP: 4/7
  1124 | D:2      | Killed Robin
  1125 | D:2      | Reached skill level 5 in Ice Magic
  1582 | D:2      | Noticed a scorpion
  1600 | D:1      | Learned a level 3 spell: Frozen Ramparts
  1604 | D:1      | Learned a level 3 spell: Ozocubu's Armour
  1715 | D:2      | Killed a scorpion
  1716 | D:2      | Reached XP level 5. HP: 33/37 MP: 4/8
  1805 | D:2      | Found a runed translucent door.
  1806 | D:2      | Noticed Crazy Yiuf
  2413 | D:3      | Reached skill level 1 in Armour
  2660 | D:3      | Reached XP level 6. HP: 26/44 MP: 3/10
  3127 | D:1      | Bought a scroll of teleportation for 30 gold pieces
  3161 | D:1      | Bought a potion of lignification for 39 gold pieces
  3257 | D:4      | Found a staircase to the Ecumenical Temple.
  3273 | Temple   | Entered the Ecumenical Temple
  3960 | D:4      | Found a sacrificial altar of Ru.
  4372 | D:3      | Reached XP level 7. HP: 18/51 MP: 4/11
  4543 | D:4      | Reached skill level 6 in Ice Magic
  4797 | D:4      | Reached skill level 1 in Throwing
  5747 | D:4      | Reached XP level 8. HP: 54/58 MP: 13/13
  5948 | D:5      | Entered Level 5 of the Dungeon
  6049 | D:5      | Reached skill level 5 in Dodging
  6072 | D:5      | Reached skill level 7 in Ice Magic
  6217 | D:5      | Identified the +2 pair of boots "Wutiqul" {Harm Dex+3
                  | Slay+3}
  6909 | D:5      | Reached XP level 9. HP: 65/65 MP: 15/15
  7406 | D:6      | Reached skill level 5 in Polearms
  8030 | D:6      | Reached skill level 8 in Ice Magic
  8030 | D:6      | Reached skill level 1 in Evocations
  8056 | D:6      | Reached skill level 1 in Summonings
  8270 | D:6      | Identified the +0 robe "Jimexal" {rPois rC- MP+9 Dex+3}
  8491 | D:1      | Bought a potion of haste for 130 gold pieces
  8525 | D:1      | Bought a scroll of magic mapping for 75 gold pieces
  8525 | D:1      | Bought a scroll of poison for 40 gold pieces
  8665 | D:7      | Reached skill level 1 in Shields
  8900 | D:7      | Learned a level 4 spell: Summon Ice Beast
 10213 | D:7      | Found Ficum's Armour Boutique.
 10268 | D:7      | Reached XP level 10. HP: 73/73 MP: 17/17
 10823 | D:7      | Reached skill level 5 in Fighting
 11010 | D:8      | Found a glowing golden altar of the Shining One.
 11016 | D:8      | Found an ornate altar of the Wu Jian Council.
 11021 | D:8      | Became a worshipper of the Shining One
 11040 | D:8      | Reached skill level 9 in Ice Magic
 11170 | D:8      | Reached skill level 5 in Spellcasting
 11360 | D:8      | Found an opulent altar of Gozag.
 11362 | D:8      | Found a snail-covered altar of Cheibriados.
 11697 | D:9      | Noticed Grum
 11709 | D:9      | Reached skill level 1 in Invocations
 11918 | D:9      | Found a shadowy altar of Dithmenos.
 12052 | D:1      | Bought a potion of mutation for 104 gold pieces
 12246 | D:9      | Killed Grum
 12252 | D:9      | Learned a level 3 spell: Tukima's Dance
 12361 | D:9      | Noticed Erica
 12424 | D:9      | Reached * piety under the Shining One
 12487 | D:9      | Killed Erica
 12488 | D:9      | Reached skill level 1 in Hexes
 12699 | D:9      | Reached XP level 11. HP: 80/81 MP: 15/19
 12939 | D:9      | Reached skill level 10 in Ice Magic
 12941 | D:9      | Found a staircase to the Lair.
 13532 | D:10     | Entered Level 10 of the Dungeon
 13960 | D:10     | Noticed a manticore
 13967 | D:10     | Killed a manticore
 14093 | D:10     | Found a blossoming altar of Fedhas.
 14323 | D:10     | Found the sphere of Battle
 14665 | Lair:1   | Entered Level 1 of the Lair of Beasts
 15522 | Lair:2   | Reached XP level 12. HP: 85/89 MP: 21/21
 15557 | Lair:2   | Reached ** piety under the Shining One
 15665 | Lair:2   | Reached skill level 11 in Ice Magic
 15770 | Lair:2   | Noticed a seven-headed hydra
 16151 | Lair:2   | Found a staircase to the Shoals.
 17075 | D:2      | Killed Crazy Yiuf
 17337 | Lair:2   | Killed a seven-headed hydra
 17338 | Lair:2   | Reached skill level 5 in Summonings
 17414 | Lair:3   | Found a staircase to the Snake Pit.
 17421 | Lair:3   | Reached skill level 5 in Shields
 17619 | Lair:3   | Reached skill level 5 in Armour
 17782 | Lair:3   | Identified the +9 falchion of the Endless Expanse {vamp,
                  | rF++}
 18084 | D:1      | Bought a scroll of identify for 20 gold pieces
 18084 | D:1      | Bought a scroll of identify for 20 gold pieces
 18084 | D:1      | Identified a scroll of acquirement
 18089 | D:1      | Acquired the ring "Nyacurol" {Str+4 Int+6 SInv}
 18531 | Lair:3   | Reached XP level 13. HP: 98/98 MP: 23/23
 18548 | Lair:3   | Reached skill level 12 in Ice Magic
 18596 | Lair:3   | Reached *** piety under the Shining One
 18862 | Lair:3   | Learned a level 4 spell: Olgreb's Toxic Radiance
 19147 | Lair:4   | Found a staircase to the Slime Pits.
 19177 | Lair:4   | Reached skill level 1 in Poison Magic
 19610 | Lair:4   | Found a viscous altar of Jiyva.
 19976 | Lair:5   | Entered Level 5 of the Lair of Beasts
 20054 | Lair:5   | Reached skill level 10 in Dodging
 20330 | Lair:5   | Reached skill level 5 in Hexes
 20494 | Lair:5   | Reached skill level 10 in Polearms
 20699 | Lair:5   | Reached skill level 13 in Ice Magic
 20750 | Lair:5   | Reached XP level 14. HP: 68/106 MP: 22/25
 20805 | Lair:5   | Reached **** piety under the Shining One
 21116 | Lair:5   | Found a runed translucent door.
 21879 | Lair:5   | Identified the amulet of Dojil {Reflect +Blink Str+4 Int+3
                  | SH+5}
 22092 | Lair:5   | Identified the +3 buckler of Wosopp {-Cast rN+ Will+ Dex+7}
 24693 | D:12     | Reached ***** piety under the Shining One
 24752 | D:12     | Found a runed translucent door.
 24757 | D:12     | Noticed a frost giant
 24758 | D:12     | Noticed a lich
 24758 | D:12     | Noticed juan097's ghost (journeyman DjVM)
 24758 | D:12     | Noticed a frost giant
 24771 | D:12     | Found a runed translucent door.
 24976 | D:12     | Noticed Josephine
 25193 | D:12     | Killed Josephine
 25241 | D:12     | Found a staircase to the Orcish Mines.
 25300 | D:12     | Noticed Rupert
 25318 | D:12     | Killed Rupert
 25319 | D:12     | Reached skill level 14 in Ice Magic
 25319 | D:12     | Reached skill level 5 in Invocations
 25581 | D:12     | Identified the +3 dagger of the Jolly Olives {speed, rF+
                  | Int+7 Dex+6}
 25656 | Orc:1    | Entered Level 1 of the Orcish Mines
 25681 | D:12     | Reached skill level 5 in Poison Magic
 26019 | Orc:1    | Found a burning altar of Makhleb.
 26561 | Orc:2    | Entered Level 2 of the Orcish Mines
 26770 | Orc:2    | Noticed Jorgrun
 26821 | Orc:2    | HP: 5/108 [constriction (8)]
 26822 | Orc:2    | Constricted to death by Jorgrun

Illustrated notes

Levels and vault maps discovered:
D:1:      amcnicky_arrival_single_pillar, layout_rooms,
          chequers_ecumenical_altar_island, serial_shops,
          nicolae_shop_waterfront, nicolae_shop_hallway_plus, shop, st_stairs_4
D:2:      layout_loops_ring, dreamdust_mushroom_princess,
          kennysheep_nondescript, minmay_tetromino_i2, uniq_robin,
          uniq_crazy_yiuf_cottage
D:3:      layout_loops_corners
D:4:      lemuel_castle_with_subvaults [lemuel_castle_interior_original],
          layout_basic, hangedman_ru_absence, minmay_temple_entry_sparse_star
D:5:      layout_basic, minmay_bent
D:6:      layout_gridville
D:7:      minmay_flawed_box, layout_basic, serial_shops, kennysheep_little_box,
          serial_bayou, serial_bayou_pond_e, serial_bayou_ford_a,
          serial_bayou_pond_c, serial_bayou_lagoon_b
D:8:      layout_cave_pools, chequers_temple_overflow_statue_of_worship,
          jmf_multi_god_temple
D:9:      layout_roguey, grunt_dithmenos_smoke_and_mirrors,
          minmay_lair_entry_grove, minmay_misc_feat_plants, minmay_holes,
          uniq_erica, uniq_grum
D:10:     layout_rooms, mainiacjoe_overflow_small_starburst,
          hellmonk_guarded_unrand_sphere_of_battle
D:11:     minmay_ornate_pinched, layout_layer_cave
D:12:     layout_loops_ring, orc_0_dummy, muffindrake_ghost_dual_entry,
          uniq_rupert, uniq_josephine
Temple:   regret_index_temple_generic_petals
Lair:1:   layout_loops_ring, chequers_serial_rivers_micro_d, lemuel_fruit_tree
Lair:2:   hellmonk_destroyed_diamonds, layout_small_grid,
          elwin_shoals_entry_rooms, serial_bayou_pond_c
Lair:3:   layout_roguey, minmay_snake_entry_six_corridors, pond
Lair:4:   layout_loops_ring, nicolae_slime_entry_field_trip
Lair:5:   hangedman_lair_tendril_chambers, layout_cave_pods, wormcave,
          serial_bayou, serial_bayou_pond_b, serial_bayou_crossing,
          serial_bayou_lake_a, serial_bayou_pond_b, serial_bayou_lagoon_a
Orc:1:    layout_caves, basic_altar
Orc:2:    grunt_orc_gardens, layout_caves, grunt_orc_garden, grunt_orc_garden,
          grunt_orc_garden, grunt_orc_garden, serial_shops,
          nicolae_shop_tiny_real_fake_doors, uniq_jorgrun

Skill      XL: |  1  2  3  4  5  6  7  8  9 10 11 12 13 14 |
---------------+-------------------------------------------+-----
Dodging        | 3 4 5 6 7 8 9 10 11 | 11.5
Short Blades   | 1 2 |  2.0
Polearms       | 1 2 3 4 6 7 8 9 10 | 10.5
Fighting       | 1 2 3 4 5 6 7 8 9 |  9.6
Ice Magic      | 5 6 7 8 9 10 11 13 14 | 14.1
Armour         | 1 2 3 4 5 6 |  6.0
Spellcasting   | 3 4 5 6 7 8 |  8.3
Throwing       | 1 2 3 |  3.0
Evocations     | 2 3 |  3.0
Summonings     | 2 3 4 5 |  5.0
Shields        | 2 3 4 5 6 |  6.0
Invocations    | 2 3 5 |  5.3
Hexes          | 1 3 4 5 6 |  6.8
Poison Magic   | 3 5 |  5.1
Stealth        | |  2.1

Action                     |  1- 3 |  4- 6 |  7- 9 | 10-12 | 13-15 || total
---------------------------+-------+-------+-------+-------+-------++-------
  Melee: Short sword       |     7 |       |       |       |       ||     7
         Spear             |    71 |       |   155 |       |       ||   226
         Dagger            |    35 |   167 |   120 |       |       ||   322
         Punch             |       |     3 |     4 |       |       ||     7
         Tailslap          |       |       |     5 |       |     9 ||    14
         Trident           |       |       |    78 |   337 |   494 ||   909
  Throw: Dart              |       |     2 |    51 |    55 |    62 ||   170
         Boomerang         |       |       |       |     2 |       ||     2
         Throwing net      |       |       |       |       |     2 ||     2
   Cast: Freeze            |    14 |    13 |    23 |    13 |    11 ||    74
         Frozen Ramparts   |       |    17 |    44 |    74 |    89 ||   224
         Ozocubu's Armour  |       |    13 |    30 |    42 |    61 ||   146
         Summon Ice Beast  |       |       |       |     5 |     8 ||    13
         Olgreb's Toxic Ra |       |       |       |       |     1 ||     1
         Tukima's Dance    |       |       |       |       |     1 ||     1
  Evoke: Wand              |       |       |     5 |     1 |     9 ||    15
    Use: Potion            |     1 |     1 |     1 |     1 |       ||     4
         Scroll            |       |     4 |     8 |    10 |     6 ||    28
   Stab: Sleeping          |     5 |     1 |     2 |       |       ||     8
         Distracted        |       |       |       |     1 |       ||     1
 Armour: Robe              |    10 |       |    17 |    65 |    70 ||   162
         Leather armour    |    24 |    64 |    74 |       |       ||   162
  Dodge: Dodged            |    72 |   121 |   214 |   267 |   276 ||   950
  Block: Buckler           |       |       |     3 |    81 |   244 ||   328
         Reflection        |       |       |       |       |    19 ||    19

Table legend: (Time is in decaauts)
 A = Elapsed time spent in this place.
 B = Non-inter-level travel time spent in this place.
 C = Inter-level travel time spent in this place.
 D = Time resting spent in this place.
 E = Time spent auto-exploring this place.
 F = Levels seen in this place.
 G = Mean time per level.
                   A        B        C        D        E       F      G
               +--------+--------+--------+--------+--------+-----+--------+
         Total |  26480 |  23946 |   2534 |   4557 |  13895 |  20 | 1324.0 |
       Dungeon |  17733 |  15767 |   1966 |   2952 |   8956 |  12 | 1477.8 |
        Temple |    568 |    544 |     24 |    292 |    193 |   1 |  568.0 |
          Lair |   7348 |   6846 |    502 |   1133 |   4319 |   5 | 1469.6 |
  Orcish Mines |    829 |    789 |     40 |    179 |    427 |   2 |  414.5 |
               +--------+--------+--------+--------+--------+-----+--------+

Top non-repeatable levels by time:
  Lair:5: 2760 daAuts
     D:7: 2134 daAuts
     D:4: 1892 daAuts
     D:9: 1824 daAuts
  Lair:2: 1589 daAuts
     D:3: 1571 daAuts
    D:11: 1565 daAuts
     D:2: 1463 daAuts
     D:6: 1445 daAuts
    D:12: 1290 daAuts
     D:5: 1263 daAuts
     D:8: 1147 daAuts
    D:10: 1076 daAuts
  Lair:3: 1060 daAuts
     D:1: 1059 daAuts
